 Crawl Stoat Soup version 0.23-ish-327-87-g3a41155e8f (console) character file.

42 hilarita the Grave Robber (level 3, 0/21 HPs)
             Began as a Faerie Dragon Necromancer on Mar 31, 2024.
             Slain by Robin
             ... wielding a cursed +0 trident
              (3 damage)
             ... on level 2 of the Dungeon.
             The game lasted 00:05:24 (638 turns).

hilarita the Grave Robber (FDNe)                     Turns: 638, Time: 00:05:25

Health: 0/21       AC:  6    Str:  6    XL:     3   Next: 54%
Magic:  7/7        EV: 14    Int: 19    God:
Gold:   40         SH:  6    Dex: 12    Spells: 4/8 levels left

rFire    . . .     SeeInvis .   a - +0 short sword
rCold    . . .     Gourm    .   (shield restricted)
rNeg     . . .     Faith    .   (armour unavailable)
rPois    .         Spirit   .   (helmet restricted)
rElec    .         Warding  .   (no cloak)
rCorr    .         Reflect  .   (no gloves)
MR       .....     Harm     .   (no boots)
Stlth    +.........             (no amulet)
HPRegen  0.07/turn              (no ring)
MPRegen  0.10/turn              (no ring)

@: flying
A: small, sparkly, unfitting armour, magic attunement, magical scales, able to
fly
a: Stop Flying


You were on level 2 of the Dungeon.
You were not hungry.

You visited 1 branch of the dungeon, and saw 2 of its levels.

You collected 40 gold pieces.

Inventory:

Hand Weapons
 a - a +0 short sword (weapon)
Jewellery
 b - an uncursed amulet of guardian spirit
Potions
 e - a potion of ambrosia {unknown}
 f - a potion of heal wounds {unknown}
Comestibles
 c - a bread ration
 d - a chunk of flesh
 g - 2 fruits


   Skills:
 + Level 2.8 Dodging
 - Level 1.2 Stealth
 + Level 3.0 Spellcasting
 * Level 5.6 Necromancy


You had 4 spell levels left.
You knew the following spells:

 Your Spells              Type           Power        Failure   Level  Hunger
a - Necrotise             Necr           24/25        1%          1    None
b - Vampiric Draining     Necr           24/200       4%          3    None

Your spell library contained the following spells:

 Spells                   Type           Power        Failure   Level  Hunger
 Animate Dead             Necr           N/A          16%         4    None
 Regeneration             Chrm/Necr      13/200       43%         4    None


Dungeon Overview and Level Annotations

Branches:
Dungeon (2/15)

Altars:

Annotations:
D:2 Robin


Innate Abilities, Weirdness & Mutations

Your sparkly wings attract attention (Stealth-).
You are small and have problems with some larger weapons.
You cannot fit into any form of body armour.
Your spells do not cause hunger; their MP costs are reduced by 1.
Your shimmering scales repel attacks (AC +6, SH +6).
You can fly continuously.


Message History

* * * LOW HITPOINT WARNING * * *
Unknown command.
Casting: Necrotise (safe; 1% risk of failure)
Confirm with . or Enter, or press ? or * to list all spells.
Aiming: Necrotise (safe; 1% risk of failure)
Press: ? - help, Shift-Dir - straight line, f - goblin
Aim: a goblin (unusually strong, chance to defeat MR: 93%)
The goblin barely resists.
Something hits your goblin skeleton!
Your goblin skeleton is destroyed!
The goblin closely misses you.
Unknown command.
Casting: Necrotise (safe; 1% risk of failure)
Confirm with . or Enter, or press ? or * to list all spells.
Aiming: Necrotise (safe; 1% risk of failure)
Press: ? - help, Shift-Dir - straight line, f/p - goblin
Aim: a goblin (unusually strong, chance to defeat MR: 93%)
The goblin writhes in agony.
The goblin hits you.
* * * LOW HITPOINT WARNING * * *
Robin hits you from afar with a trident.
You die...

#.##.....g.
..#....gg
#=#...g.
...... #...g
#.g. #g## #)Z#
##@# # .. #g##
#...##..#+###
#...........#
##..........#
#..........#
#..........#
.........>..#
........)....#
....######.###
... #.#


You could see Robin, 2 goblins and a friendly goblin skeleton.

Vanquished Creatures
  An adder (D:2)
  A leopard gecko (D:1)
  3 bats (D:2)
  2 giant cockroaches
  9 goblins
  3 hobgoblins (D:2)
  2 jackals (D:1)
  2 kobolds (D:1)
  A ball python (D:1)
  4 rats (D:1)
28 creatures vanquished.

Vanquished Creatures (collateral kills)
  A goblin (D:2)
1 creature vanquished.

Grand Total: 29 creatures vanquished

Notes
Turn   | Place    | Note
-------+----------+-------------------------------------------
     0 | D:1      | hilarita the Faerie Dragon Necromancer began the quest for
                  | the Orb.
     0 | D:1      | Reached XP level 1. HP: 11/11 MP: 3/3
    53 | D:1      | Noticed hilarita's ghost (weakling DsWn)
    54 | D:1      | Witnessed revenge of hilarita's ghost on a goblin.
    54 | D:1      | Reached skill level 5 in Necromancy
    77 | D:1      | Reached XP level 2. HP: 17/17 MP: 5/5
   472 | D:2      | Reached XP level 3. HP: 21/21 MP: 7/7
   477 | D:2      | Learned a level 3 spell: Vampiric Draining
   615 | D:2      | Noticed Robin
   638 | D:2      | Slain by Robin

Vault maps used:
D:1:      minmay_arrival_plants_in_alcoves
D:2:      uniq_robin

Skill      XL: |  1  2  3 |
---------------+----------+-----
Necromancy     | 5 |  5.6
Spellcasting   | 3 |  3.0
Dodging        | |  2.8
Stealth        | |  1.2

Action                   || total
-------------------------++-------
Melee: Short sword       ||     5
 Cast: Necrotise         ||    42
  Use: Scroll            ||     1
Armor: Skin              ||     3
Dodge: Dodged            ||     9
Block: Other             ||     7

Table legend:
 A = Spawn XP
 B = Non-spawn XP
 C = Spawn XP percentage of total XP
 D = Spawn monster count
 E = Non-spawn monster count
 F = Spawn count percentage of total count
 G = Total turns spent on level
                    A         B        C        D         E        F      G
               +---------+---------+-------+---------+---------+-------+---------
         Total |       7 |      53 |  11.7 |       4 |      25 |  13.8 |   638
               +---------+---------+-------+---------+---------+-------+---------
           D:1 |       5 |      18 |  21.7 |       3 |      11 |  21.4 |   462
           D:2 |       2 |      35 |   5.4 |       1 |      14 |   6.7 |   176
               +---------+---------+-------+---------+---------+-------+---------
